 Dungeon Crawl Stone Soup version 0.19.1-1-g22dce08 (webtiles) character file.

268575 Gorglomux the Slayer (level 20, -4/129 HPs)
             Began as a Gargoyle Berserker on Jan 15, 2017.
             Was the Champion of Trog.
             Slain by a two-headed ogre
             ... wielding a +0 giant club
              (9 damage)
             ... on level 1 of the Vaults.
             The game lasted 01:24:29 (33685 turns).

Gorglomux the Slayer (Gargoyle Berserker)          Turns: 33685, Time: 01:24:29

Health: -4/129     AC: 44    Str: 28 (29) XL:     20   Next: 16%
Magic:  0/6        EV: 10    Int:  9      God:    Trog [******]
Gold:   849        SH:  0    Dex:  5 (6)  Spells: 0 memorised, 19 levels left

rFire  . . .     SeeInvis .     Z - +8 great mace (antimagic)
rCold  + . .     Gourm    .     y - +3 plate armour {rPois}
rNeg   + . .     Faith    +     (shield currently unavailable)
rPois  ∞         Spirit   +     E - +1 hat {Spirit}
rElec  +         Reflect  .     X - +1 cloak
rCorr  +         Harm     .     q - +0 pair of gloves
MR     +....                    u - +0 pair of boots
Stlth  ..........               B - amulet of the Moon {Faith rElec rPois Dex-3 Slay+5}
                                Y - ring of protection from cold
                                b - ring of resist corrosion

@: flying
A: big wings, deterioration 1, frail 1, negative energy resistance 1,
electricity resistance, unbreathing, petrification resistance, rot immunity, AC
+15
a: Stop Flying, Berserk, Trog's Hand, Brothers in Arms, Burn Spellbooks,
Renounce Religion
}: 2/15 runes: decaying, serpentine


You were on level 1 of the Vaults.
You worshipped Trog.
Trog was exalted by your worship.
You were not hungry.

You visited 6 branches of the dungeon, and saw 32 of its levels.
You also visited: Ice Cave and Volcano.

You collected 3052 gold pieces.
You spent 2203 gold pieces at shops.

Inventory:

Hand Weapons
 Z - a +8 antimagic great mace (weapon)
Missiles
 D - 10 tomahawks (quivered)
Armour
 q - a +0 pair of gloves (worn)
 u - a +0 pair of boots (worn)
 y - a +3 plate armour of poison resistance (worn)
 E - a +1 hat of spirit shield (worn)
 X - a +1 cloak (worn)
Jewellery
 b - a ring of resist corrosion (left hand)
 B - the amulet of the Moon (around neck) {Faith rElec rPois Dex-3 Slay+5}
   (You found it on level 11 of the Dungeon)

   [amulet of faith]

   It allows you to gain divine favour quickly.
   It affects your dexterity (-3).
   It affects your accuracy and damage with ranged weapons and melee attacks
   (+5).
   It insulates you from electricity.
   It protects you from poison.
 U - a +4 ring of protection
 Y - a ring of protection from cold (right hand)
Wands
 e - a wand of teleportation (5/9)
 r - a wand of digging (19/24)
 t - a wand of acid (9/15)
 x - a wand of confusion (35/48)
 K - a wand of iceblast (9/15)
 O - a wand of teleportation (1/9)
 T - a wand of heal wounds (3/9)
Scrolls
 a - 8 scrolls of teleportation
 d - 4 scrolls of enchant armour
 g - 19 scrolls of remove curse
 m - 3 scrolls of holy word
 n - 2 scrolls of blinking
 p - 3 scrolls of fear
 w - 3 scrolls of magic mapping
 G - 7 scrolls of fog
 I - 6 scrolls of identify
 J - 7 scrolls of recharging
 Q - 2 scrolls of brand weapon
Potions
 f - 4 potions of haste
 h - 10 potions of curing
 i - 2 potions of cure mutation
 k - 3 potions of agility
 o - 3 potions of heal wounds
 v - 3 potions of berserk rage
 A - 2 potions of cancellation
 M - 7 potions of brilliance
 P - 3 potions of might
Miscellaneous
 S - a lamp of fire
Comestibles
 c - 22 bread rations
 j - 4 beef jerkies
 z - 10 meat rations
 F - 13 slices of pizza
 H - 8 fruits


   Skills:
 + Level 21.7 Fighting
 - Level 20.1 Maces & Flails
 + Level 19.2 Armour
 + Level 5.3 Dodging


You had 19 spell levels left.
You didn't know any spells.

Dungeon Overview and Level Annotations

Branches:
Dungeon (15/15)            Temple (0/1) D:4            Lair (6/6) D:10
  Swamp (4/4) Lair:3        Snake (4/4) Lair:2        Slime (0/5) Lair:5
    Orc (2/2) D:10            Elf (0/3) Orc:2        Vaults (1/5) D:13
 Depths (0/5) D:15

Altars:
Ashenzari
Dithmenos
Elyvilon
Fedhas
Gozag
Kikubaaqudgha
Nemelex Xobeh
Okawaru
Qazlal
Ru
Sif Muna
Zin
The Shining One
Beogh
Jiyva

Shops:
D:6 !   D:12 ?   Orc:2 ::=?   Snake:1 [}%}*   Snake:4 :   Vaults:1 :

Annotations:
D:11 Farm when dephts
D:12 exclusion: obsidian statue


Innate Abilities, Weirdness & Mutations

You are resistant to torment.
Your stone body is resilient. (AC +15)
You are immune to poison.
Your large and strong wings let you fly indefinitely.
You resist negative energy. (rN+)
You are resistant to electric shocks. (rElec)
You can survive without breathing.
You are immune to petrification.
You are immune to rotting.
Your body sometimes deteriorates upon taking damage.
You are frail. (-10% HP)


Message History

You hit the two-headed ogre.
The two-headed ogre is lightly wounded.
The death knight hits you but does no damage.
The two-headed ogre hits you with a giant club!!
The two-headed ogre hits you but does no damage.
You sock the two-headed ogre!
The two-headed ogre is heavily wounded.
The death knight hits you with an enchanted halberd!!
Your body deteriorates!
You feel weakened.
Things that are here:
a plate armour; a halberd The death knight's dark mirror aura disappears.
The death knight hits you from afar with an enchanted halberd!!
* * * LOW HITPOINT WARNING * * *
There is a gate leading back out of this place here.
The death knight hits you from afar with an enchanted halberd!
* * * LOW HITPOINT WARNING * * *
The two-headed ogre hits you but does no damage.
The two-headed ogre hits you with a giant club!
You die...

## #. #############.
########...#...#...#.
#......#...#...#...'.
#......#...##.##...'.
#......####.>...####.
#.....(#..#(....#..##
#...@Op#[([(.......#
#.(...WO)(#[....#..#
###########)....####
#...##.##...#
#...#...#...#
#...#...#...#
######'p#########
############
#..###(.#
...........#
##..#p.###########


You could see a death knight, a freezing wraith and 2 two-headed ogres.

Vanquished Creatures
  the Lernaean hydra (Swamp:4)
  Saint Roka (Vaults:1)
  Asterion (Snake:2)
  Frances (Snake:1)
  3 thorn hunters
  A storm dragon (D:14)
  11 nagarajas (Snake:4)
  A frost giant (IceCv)
  A vault warden (Vaults:1)
  Aizul (Snake:1)
  2 ironheart preservers (Vaults:1)
  Azrael (Snake:1)
  A red draconian (Volcano)
  The ghost of theAP the Brawler, a journeyman TrFi of Okawaru (D:15)
  Snorg (Lair:6)
  Josephine (Lair:4)
  3 fire dragons
  Harold (Lair:2)
  24 naga warriors
  26 hydras
  4 vault guards (D:13)
  Erolcha (D:9)
  10 anacondas
  8 centaur warriors
  4 catoblepae
  A ghost crab (Swamp:2)
  Erica (D:8)
  3 alligators
  A tengu warrior (D:15)
  5 ogre magi
  19 death yaks
  Urug (Lair:2)
  10 shock serpents
  Nergalle (D:10)
  16 naga sharpshooters
  2 deep elf knights (D:13)
  6 salamander mystics (Snake:4)
  6 skeletal warriors
  3 unseen horrors
  3 sea snakes (Snake:4)
  6 wizards
  8 naga ritualists
  11 swamp dragons
  9 hill giants
  A shambling mangrove (Swamp:4)
  2 necromancers
  An ironbrand convoker (Vaults:1)
  A deep elf archer (D:13)
  An orc knight (Vaults:1)
  2 phantasmal warriors
  14 salamanders
  4 deep elf magi
  11 mana vipers
  An orc sorcerer (Orc:1)
  2 harpies
  6 ugly things
  2 cyclopes
  A fire giant skeleton (D:15)
  An ice statue (IceCv)
  Joseph (D:8)
  49 black mambas
  5 centaur zombies
  9 elephants (Lair:4)
  8 guardian serpents
  24 naga magi
  3 centaur skeletons (D:14)
  A gargoyle (D:15)
  22 spiny frogs
  A yaktaur zombie (Vaults:1)
  5 komodo dragons
  8 yaktaurs
  2 efreet (D:14)
  2 freezing wraiths
  14 polar bears (IceCv)
  An entropy weaver simulacrum (Vaults:1)
  A tengu conjurer (D:15)
  A kobold demonologist (D:15)
  A guardian mummy (D:15)
  2 trolls
  5 tyrant leeches
  14 two-headed ogres
  11 hornets
  11 blink frogs
  Grinder (D:3)
  15 bog bodies
  9 slime creatures
  12 hippogriffs
  A fire giant simulacrum (Vaults:1)
  A deep troll skeleton (D:15)
  A shadow (D:13)
  5 wraiths
  56 yaks
  7 spriggans
  4 water elementals (D:12)
  2 fire elementals (Snake:1)
  A wyvern (D:15)
  2 hungry ghosts
  5 basilisks
  A vampire (D:12)
  A human (D:9)
  32 vampire mosquitoes
  29 insubstantial wisps
  6 mottled dragons
  A warg (Vaults:1)
  56 nagas
  An elf zombie (Vaults:1)
  A soldier ant (D:11)
  9 swamp worms
  4 human skeletons
  9 water moccasins
  4 hell hounds (Snake:1)
  Duvessa (D:6)
  4 porcupines (Lair:4)
  3 ice beasts
  15 orc warriors
  13 swamp drakes
  A hornet zombie (D:14)
  The ghost of dngmouse the Chopper, an amateur HOFi (D:3)
  A black bear (Lair:2)
  5 phantoms
  4 necrophages (D:10)
  38 ogres
  19 wolves (IceCv)
  A tengu (shapeshifter) (D:14)
  19 centaurs
  9 crocodiles
  2 big kobolds (D:10)
  16 bullfrogs
  Dowan (D:6)
  6 scorpions
  A tengu zombie (D:15)
  3 killer bees (D:10)
  6 electric eels
  14 wights
  3 howler monkeys
  6 crimson imps
  3 bullfrog zombies
  A quasit (D:5)
  5 hounds
  9 orc priests
  2 bullfrog skeletons
  21 orc wizards
  4 iguanas
  8 worker ants
  3 hell rats (D:7)
  Ijyb (D:2)
  A hound skeleton (D:10)
  2 hound zombies
  A mummy (D:10)
  Robin (D:4)
  3 worker ant zombies
  14 gnolls
  A howler monkey zombie (D:10)
  3 river rats (D:7)
  11 adders
  4 shadow imps
  2 oozes
  An adder skeleton (D:6)
  2 worms
  5 dart slugs
  5 leopard geckos
  63 orcs
  4 giant cockroaches
  17 goblins
  8 hobgoblins
  10 jackals
  5 quokkas
  3 ball pythons
  16 bats
  2 frilled lizards
  A jackal skeleton (D:4)
  A jackal zombie (D:6)
  12 kobolds
  A leopard gecko skeleton (D:9)
  31 rats
  2 briar patches (Swamp:4)
  A plant (D:10)
1231 creatures vanquished.

Vanquished Creatures (collateral kills)
  A vault warden (Vaults:1)
  A naga sharpshooter (Snake:3)
  2 black mambas (Lair:2)
  Psyche (D:9)
  A yaktaur (Vaults:1)
  A yak (D:9)
  A naga (Snake:3)
  6 water moccasins (Lair:2)
  A jelly (D:9)
  4 adders (Lair:2)
  A ball python (Lair:2)
20 creatures vanquished.

Vanquished Creatures (others)
  A naga warrior (Snake:3)
  An anaconda (Snake:3)
  A necromancer (Vaults:1)
  A komodo dragon (Lair:5)
  A polar bear (IceCv)
  A swamp worm (Swamp:2)
  10 fungi
  6 plants
22 creatures vanquished.

Grand Total: 1273 creatures vanquished

Notes
Turn   | Place    | Note
-------+----------+-------------------------------------------
     0 | D:1      | Gorglomux the Gargoyle Berserker began the quest for the Orb.
     0 | D:1      | Reached XP level 1. HP: 14/14 MP: 1/1
    94 | D:1      | Reached XP level 2. HP: 12/19 MP: 2/2
   538 | D:1      | Reached XP level 3. HP: 17/24 MP: 3/3
   648 | D:1      | Reached skill level 4 in Fighting
   865 | D:2      | Noticed Ijyb
   871 | D:2      | Killed Ijyb
   871 | D:2      | Reached XP level 4. HP: 27/30 MP: 4/4
   981 | D:2      | Reached ** piety under Trog
  1041 | D:2      | Found an iron altar of Okawaru.
  1239 | D:2      | Reached XP level 5. HP: 19/34 MP: 5/5
  1553 | D:3      | Reached skill level 5 in Maces & Flails
  1625 | D:3      | Noticed dngmouse's ghost (amateur HOFi)
  1867 | D:3      | Killed dngmouse's ghost
  1867 | D:3      | Reached skill level 5 in Fighting
  1867 | D:3      | Reached XP level 6. HP: 40/40 MP: 6/6
  2122 | D:3      | Noticed Grinder
  2154 | D:3      | Paralysed by Grinder for 7 turns
  2156 | D:3      | Killed Grinder
  2156 | D:3      | Reached XP level 7. HP: 15/45 MP: 7/7
  2377 | D:3      | Reached *** piety under Trog
  2482 | D:3      | Found a deep blue altar of Sif Muna.
  2670 | D:4      | Reached skill level 6 in Fighting
  2827 | D:4      | Found a shattered altar of Ashenzari.
  3054 | D:4      | Found an ancient bone altar of Kikubaaqudgha.
  3130 | D:4      | Found a staircase to the Ecumenical Temple.
  3339 | D:4      | Noticed Robin
  3349 | D:4      | Killed Robin
  3539 | D:5      | Entered Level 5 of the Dungeon
  3548 | D:5      | Reached skill level 7 in Fighting
  3554 | D:5      | Reached **** piety under Trog
  3570 | D:5      | Reached XP level 8. HP: 52/53 MP: 8/8
  3809 | D:5      | Reached skill level 8 in Fighting
  3911 | D:5      | Found a sparkling altar of Nemelex Xobeh.
  3998 | D:5      | Found a stormy altar of Qazlal.
  4280 | D:6      | Found a deep blue altar of Sif Muna.
  4286 | D:6      | Found Temu's Distillery.
  4294 | D:6      | Bought a potion of curing for 33 gold pieces
  4294 | D:6      | Bought a potion of heal wounds for 55 gold pieces
  4306 | D:6      | Noticed Duvessa
  4306 | D:6      | Noticed Dowan
  4316 | D:6      | Killed Duvessa
  4316 | D:6      | Reached skill level 9 in Fighting
  4318 | D:6      | Killed Dowan
  4400 | D:6      | Reached skill level 10 in Fighting
  4572 | D:6      | Reached XP level 9. HP: 60/63 MP: 7/9
  5118 | D:7      | Reached skill level 11 in Fighting
  5248 | D:7      | Reached ***** piety under Trog
  5639 | D:7      | Found a shadowy altar of Dithmenos.
  5732 | D:7      | Found a blossoming altar of Fedhas.
  5732 | D:7      | Found a sacrificial altar of Ru.
  5738 | D:7      | Found a white marble altar of Elyvilon.
  5740 | D:7      | Found a glowing silver altar of Zin.
  5741 | D:7      | Found a faded altar of an unknown god.
  5744 | D:7      | Got a transparent trident
  5745 | D:7      | Identified the +7 trident of Ceload {pierce, SInv} (You found it on level 7 of the Dungeon)
  5774 | D:7      | Found Guges's Antique Weapon Boutique.
  5917 | D:8      | Noticed Joseph
  5931 | D:8      | Killed Joseph
  6130 | D:8      | Noticed Erica
  6420 | D:8      | Killed Erica
  6420 | D:8      | Reached skill level 12 in Fighting
  6420 | D:8      | Reached skill level 10 in Maces & Flails
  6420 | D:8      | Reached XP level 10. HP: 69/71 MP: 10/10
  6962 | D:9      | Found a glowing golden altar of the Shining One.
  7126 | D:9      | Noticed Psyche
  7131 | D:9      | Killed Psyche
  7391 | D:9      | Noticed Erolcha
  7400 | D:9      | Killed Erolcha
  7400 | D:9      | Reached XP level 11. HP: 41/77 MP: 5/11
  7716 | D:10     | Entered Level 10 of the Dungeon
  7738 | D:9      | Reached skill level 13 in Fighting
  7970 | D:10     | Noticed an unseen horror
  7980 | D:10     | Killed an unseen horror
  8018 | D:10     | Found a staircase to the Lair.
  8021 | D:10     | Noticed Nergalle
  8040 | D:10     | Killed Nergalle
  8080 | D:10     | Noticed a hill giant
  8098 | D:10     | Killed a hill giant
  8197 | D:10     | Found a staircase to the Orcish Mines.
  8312 | D:10     | Noticed a hill giant
  8328 | D:10     | Killed a hill giant
  8674 | D:10     | Noticed a hill giant
  8685 | D:10     | Killed a hill giant
  8685 | D:10     | Received a gift from Trog
  8909 | D:10     | Got a polished flail
  8910 | D:10     | Identified the +7 flail of Grandeur {speed, Str+6 Int+3} (You found it on level 10 of the Dungeon)
  9009 | D:10     | Found an opulent altar of Gozag.
  9180 | D:10     | Noticed a hill giant
  9192 | D:10     | Killed a hill giant
  9192 | D:10     | Reached XP level 12. HP: 82/84 MP: 12/12
  9222 | Lair:1   | Entered Level 1 of the Lair of Beasts
  9263 | Lair:1   | Reached skill level 5 in Armour
  9404 | Lair:1   | Found a frozen archway.
  9414 | IceCv    | Entered an ice cave
  9481 | IceCv    | Reached skill level 14 in Fighting
  9881 | IceCv    | Noticed a death yak
  9914 | IceCv    | Reached ****** piety under Trog
  9921 | IceCv    | Killed a death yak
  9996 | IceCv    | Noticed a death yak
  9996 | IceCv    | Noticed a frost giant
 10007 | IceCv    | Killed a frost giant
 10007 | IceCv    | Reached XP level 13. HP: 91/91 MP: 9/13
 10025 | IceCv    | Reached skill level 15 in Maces & Flails
 10899 | Lair:2   | Received a gift from Trog
 10950 | Lair:2   | Found a staircase to the Snake Pit.
 10954 | Lair:2   | Noticed Harold
 11002 | Lair:2   | Killed Harold
 11033 | Lair:2   | Noticed Urug
 11046 | Lair:2   | Killed Urug
 11602 | Lair:3   | Found a staircase to the Swamp.
 11617 | Lair:3   | Reached skill level 15 in Fighting
 12547 | Lair:4   | Noticed Josephine
 12555 | Lair:4   | Killed Josephine
 12717 | Lair:4   | Found a dark tunnel.
 12726 | Volcano  | Entered a volcano
 12759 | Volcano  | Found a burning altar of Makhleb.
 12760 | Volcano  | Noticed a red draconian
 12796 | Volcano  | Killed a red draconian
 12796 | Volcano  | Received a gift from Trog
 13445 | Lair:4   | Gained mutation: Your large and strong wings let you fly indefinitely. [Gargoyle growth]
 13445 | Lair:4   | Reached XP level 14. HP: 86/98 MP: 11/14
 14144 | Lair:5   | Reached skill level 10 in Armour
 14715 | Lair:5   | Found a viscous altar of Jiyva.
 14715 | Lair:5   | Found a staircase to the Slime Pits.
 14828 | Lair:6   | Entered Level 6 of the Lair of Beasts
 14863 | Lair:6   | Received a gift from Trog
 14902 | Lair:6   | Reached skill level 16 in Fighting
 15147 | Lair:6   | Noticed Snorg
 15165 | Lair:6   | Killed Snorg
 15789 | Lair:6   | Reached XP level 15. HP: 59/105 MP: 8/15
 16225 | Lair:6   | Got a smelly chain mail
 16236 | Lair:6   | Identified the cursed +0 chain mail of the Original Sin {Dex+3} (You found it on level 6 of the Lair of Beasts)
 16740 | D:11     | Got a sparkling pewter amulet
 16838 | D:11     | Found a runed door.
 16838 | D:11     | Noticed a tengu reaver
 16840 | D:11     | Noticed a storm dragon
 17285 | D:12     | Found Cimoqekh's Magic Scroll Shop.
 17302 | D:12     | Bought a scroll of silence for 82 gold pieces
 17302 | D:12     | Bought a scroll of recharging for 104 gold pieces
 17302 | D:12     | Bought a scroll of enchant weapon for 82 gold pieces
 17302 | D:12     | Bought a scroll of teleportation for 33 gold pieces
 17302 | D:12     | Bought a scroll of holy word for 82 gold pieces
 17302 | D:12     | Bought 3 scrolls of identify for 66 gold pieces
 17302 | D:12     | Bought a scroll of identify for 22 gold pieces
 17302 | D:12     | Bought a scroll of vulnerability for 82 gold pieces
 17304 | D:12     | Identified the amulet of the Moon {Faith rElec rPois Dex-3 Slay+5} (You found it on level 11 of the Dungeon)
 17470 | D:12     | Received a gift from Trog
 17934 | D:12     | Gained mutation: You are frail. (-10% HP) [a neqoxec]
 17935 | D:12     | Gained mutation: Your body sometimes deteriorates upon taking damage. [a neqoxec]
 18512 | D:13     | Found a gate to the Vaults.
 19111 | D:14     | Paralysed by a wizard for 7 turns
 19519 | D:14     | Reached skill level 17 in Fighting
 19592 | D:14     | Noticed a storm dragon
 19622 | D:14     | HP: 1/144 [storm dragon (11)]
 19624 | D:14     | Killed a storm dragon
 19624 | D:14     | Reached XP level 16. HP: 2/100 MP: 0/16
 19936 | D:15     | Entered Level 15 of the Dungeon
 19956 | D:15     | Found a staircase to the Depths.
 20469 | D:15     | Noticed theAP's ghost (journeyman TrFi)
 20482 | D:15     | Killed theAP's ghost
 20922 | Orc:1    | Entered Level 1 of the Orcish Mines
 21007 | Orc:1    | Found a roughly hewn altar of Beogh.
 21181 | Orc:2    | Entered Level 2 of the Orcish Mines
 21181 | Orc:2    | Found a staircase to the Elven Halls.
 21560 | Orc:2    | Received a gift from Trog
 21634 | Orc:2    | Found Nyxawk's Jewellery Shoppe.
 21634 | Orc:2    | Found Yfewna's Magic Scroll Boutique.
 21635 | Orc:2    | Found Meteor Gilu's Book Shop.
 21635 | Orc:2    | Found Qucoeg's Book Shoppe.
 22139 | Orc:2    | Bought a scroll of identify for 30 gold pieces
 22139 | Orc:2    | Bought a scroll of brand weapon for 300 gold pieces
 22139 | Orc:2    | Bought a scroll of summoning for 142 gold pieces
 22139 | Orc:2    | Bought a scroll of enchant armour for 112 gold pieces
 22438 | Snake:1  | Entered Level 1 of the Snake Pit
 22441 | Snake:1  | Noticed Frances
 22442 | Snake:1  | Noticed Aizul
 22567 | Snake:1  | Killed Frances
 22581 | Snake:1  | Killed Aizul
 22755 | Snake:1  | Received a gift from Trog
 22866 | Snake:1  | Found Defios's Assorted Antiques.
 22891 | Snake:1  | Bought a scroll of identify for 54 gold pieces
 22938 | Snake:1  | Found Jaro's Food Shop.
 22939 | Snake:1  | Found Musuf's Gadget Shop.
 22939 | Snake:1  | Found Siogiowe's Antique Armour Boutique.
 22948 | Snake:1  | Found Naemibeneang's Gadget Boutique.
 22972 | Snake:1  | Bought a wand of heal wounds (7/9) for 924 gold pieces
 22983 | Snake:1  | Noticed Azrael
 23003 | Snake:1  | Killed Azrael
 23036 | Snake:1  | Reached XP level 17. HP: 50/107 MP: 8/17
 23373 | Snake:2  | Noticed Asterion
 23387 | Snake:2  | Killed Asterion
 23387 | Snake:2  | Reached skill level 18 in Fighting
 24046 | Snake:2  | Received a gift from Trog
 24699 | Snake:3  | Reached skill level 15 in Armour
 25103 | Snake:3  | Reached skill level 19 in Fighting
 25332 | Snake:3  | Received a gift from Trog
 25402 | Snake:4  | Entered Level 4 of the Snake Pit
 25685 | Snake:4  | Reached XP level 18. HP: 83/115 MP: 14/18
 26134 | Snake:4  | Found Vauppaon's Book Shoppe.
 26180 | Snake:4  | Received a gift from Trog
 26232 | Snake:4  | Found an ancient bone altar of Kikubaaqudgha.
 26638 | Snake:4  | Reached skill level 20 in Fighting
 27081 | Snake:4  | Received a gift from Trog
 28230 | Snake:4  | Got a serpentine rune of Zot
 28373 | Swamp:1  | Entered Level 1 of the Swamp
 28398 | Swamp:1  | Reached XP level 19. HP: 103/122 MP: 16/19
 29171 | Swamp:1  | Received a gift from Trog
 30025 | Swamp:3  | Received a gift from Trog
 30044 | Swamp:3  | Reached skill level 21 in Fighting
 30891 | Swamp:4  | Entered Level 4 of the Swamp
 31507 | Swamp:4  | Received a gift from Trog
 31593 | Swamp:4  | Noticed the 27-headed Lernaean hydra
 31631 | Swamp:4  | Killed the 27-headed Lernaean hydra
 31823 | Swamp:4  | Got a decaying rune of Zot
 32492 | Vaults:1 | Entered Level 1 of the Vaults
 32619 | Vaults:1 | Noticed Saint Roka
 32662 | Vaults:1 | Received a gift from Trog
 32999 | Vaults:1 | Killed Saint Roka
 32999 | Vaults:1 | Reached XP level 20. HP: 125/129 MP: 5/20
 33313 | Vaults:1 | Found Myrie's Book Shoppe.
 33365 | Vaults:1 | Reached skill level 5 in Dodging
 33685 | Vaults:1 | HP: 5/129 [death knight/enchanted halberd (10)]
 33685 | Vaults:1 | Slain by a two-headed ogre

Skill      XL: |  1  2  3  4  5  6  7  8  9 10 11 12 13 14 15 16 17 18 19 20 |
---------------+-------------------------------------------------------------+-----
Fighting       | 4 5 7 10 12 13 14 15 16 17 19 20 21 | 21.7
Maces & Flails | 4 5 6 7 10 11 13 14 16 17 18 20 | 20.1
Armour         | 4 7 9 11 12 13 15 17 19 | 19.2
Dodging        | 4 5 |  5.3

Action                   |  1- 3 |  4- 6 |  7- 9 | 10-12 | 13-15 | 16-18 | 19-21 || total
-------------------------+-------+-------+-------+-------+-------+-------+-------++-------
Melee: Mace              |    25 |       |       |       |       |       |       ||    25
       Hand axe          |    31 |   119 |   279 |       |       |       |       ||   429
       Morningstar       |       |       |   134 |       |       |       |       ||   134
       Trident           |       |       |    82 |   372 |       |       |       ||   454
       Flail             |       |       |       |   346 |  1214 |  1735 |   390 ||  3685
       Great mace        |       |       |       |       |       |       |   369 ||   369
Throw: Tomahawk          |       |       |       |     4 |     9 |       |       ||    13
Invok: Berserk           |       |     2 |     2 |     7 |     9 |     4 |     3 ||    27
       Trog's Hand       |       |     1 |     1 |     6 |    12 |    15 |     6 ||    41
       Burn Spellbooks   |       |       |     1 |       |     6 |     2 |     1 ||    10
       Brothers in Arms  |       |       |       |     1 |     1 |     1 |     1 ||     4
 Abil: Fly               |       |       |       |       |     1 |       |       ||     1
Evoke: Wand              |       |       |       |       |       |     6 |       ||     6
  Use: Scroll            |       |     1 |     1 |     1 |    24 |     5 |     9 ||    41
       Potion            |       |       |       |       |       |     6 |     3 ||     9
 Stab: Petrified         |       |       |       |       |    11 |       |       ||    11
       Confused          |       |       |       |       |       |     1 |     2 ||     3
       Distracted        |       |       |       |       |       |       |     1 ||     1
  Eat: Chunk             |       |     5 |    18 |    21 |    42 |    33 |     8 ||   127
       Fruit             |       |       |     5 |       |       |       |     4 ||     9
       Beef jerky        |       |       |       |       |     2 |       |       ||     2
       Royal jelly       |       |       |       |       |       |     1 |       ||     1
       Meat ration       |       |       |       |       |       |     1 |     3 ||     4
Armor: Animal skin       |    15 |       |       |       |       |       |       ||    15
       Leather armour    |     3 |    76 |   146 |    37 |       |       |       ||   262
       Chain mail        |       |       |       |   314 |   641 |  1106 |   564 ||  2625
       Plate armour      |       |       |       |       |       |       |    59 ||    59
Dodge: Dodged            |    26 |    73 |   335 |   376 |   319 |   581 |   306 ||  2016
Block: Other             |       |       |    36 |     1 |       |       |       ||    37
       Reflection        |       |       |     1 |       |       |       |       ||     1
